 Dungeon Crawl Stone Soup version 0.24-a0-170-gd8427f5 (webtiles) character file.

Game seed: 2428825497946594823

18974 Borgoz the Basher (level 12, -3/76 HPs)
             Began as a Gargoyle Gladiator on Mar 8, 2019.
             Was a Follower of Ashenzari.
             Splashed by an acid dragon's acid (9 damage)
             ... on level 13 of the Dungeon.
             The game lasted 00:23:58 (11845 turns).

Borgoz the Basher (Gargoyle Gladiator)             Turns: 11845, Time: 00:23:59

Health: -3/76      AC: 11    Str: 19    XL:     12   Next: 64%
Magic:  17/17      EV: 15    Int: 11    God:    Ashenzari [*.....]
Gold:   742        SH:  0    Dex: 13    Spells: 12/18 levels left

rFire    . . .     SeeInvis .   a - +2 whip (freeze) (curse)
rCold    + . .     Gourm    .   (no shield)
rNeg     + . .     Faith    .   j - +2 ring mail {rF+}
rPois    ∞         Spirit   .   c - +1 helmet
rElec    +         Reflect  .   (no cloak)
rCorr    .         Harm     .   (no gloves)
MR       .....                  J - +2 pair of boots
Stlth    +.........             o - amulet of regeneration (curse)
HPRegen  0.62/turn              w - ring of ice
MPRegen  0.15/turn              (no ring)

@: corroded
A: negative energy resistance 1, electricity resistance, unbreathing,
petrification resistance, rot immunity, AC +8
a: Curse Item, Scrying, Renounce Religion


You were on level 13 of the Dungeon.
You worshipped Ashenzari.
Ashenzari was aware of your devotion.
You were very hungry.

You visited 2 branches of the dungeon, and saw 14 of its levels.
You also visited: Sewer.

You collected 742 gold pieces.

Inventory:

Hand Weapons
 a - a cursed +2 whip of freezing (weapon)
 b - a +0 blowgun
 H - a +2 dagger of distortion
Missiles
 d - 3 throwing nets (quivered)
 l - 96 poisoned needles
 E - 16 tomahawks
 I - 4 silver tomahawks
Armour
 c - a +1 helmet (worn)
 j - a +2 ring mail of fire resistance (worn)
 J - a +2 pair of boots (worn)
 K - a +0 troll leather armour
Jewellery
 o - a cursed amulet of regeneration (around neck)
 v - an uncursed amulet of rage
 w - a ring of ice (left hand)
 C - an uncursed amulet of harm
 G - a +3 ring of evasion
Wands
 h - a wand of scattershot (2)
 u - a wand of flame (7)
 y - a wand of paralysis (9)
 A - a wand of random effects (4)
Scrolls
 e - 5 scrolls of remove curse
 g - 4 scrolls of teleportation
 i - a scroll of random uselessness {unknown}
 r - a scroll of enchant weapon
 s - 2 scrolls of enchant armour
 t - 2 scrolls of fog
 z - a scroll of fear
 B - 3 scrolls of identify
Potions
 k - 6 potions of curing
 n - a potion of flight
 p - 7 potions of heal wounds
 q - 4 potions of brilliance
 x - a potion of ambrosia
 D - a potion of haste {unknown}
 F - a potion of might
Comestibles
 f - 23 rations


   Skills:
 + Level 9.6 Fighting
 * Level 12.3 Maces & Flails
 - Level 1.7 Throwing
 + Level 9.3 Armour
 + Level 7.6 Dodging
 + Level 3.6 Spellcasting
 + Level 3.7 Hexes
 + Level 3.7 Translocations


You had 12 spell levels left.
You knew the following spells:

 Your Spells              Type           Power        Failure   Level  Hunger
a - Confusing Touch       Hex            ##....       9%          1    #......
b - Blink                 Tloc           N/A          12%         2    ##.....
c - Confuse               Hex            ##......     24%         3    ###....

Your spell library contained the following spells:

 Spells                   Type           Power        Failure   Level  Hunger
 Slow                     Hex            ##......     12%         2    ##.....
 Gell's Gravitas          Tloc           ##........   24%         3    ###....
 Beastly Appendage        Tmut           #.....       36%         1    #......
 Magic Dart               Conj           #...         36%         1    #......
 Call Imp                 Summ           #.......     50%         2    ##.....
 Sticks to Snakes         Tmut           #.......     50%         2    ##.....
 Conjure Flame            Conj/Fire      #.......     75%         3    ###....
 Mephitic Cloud           Conj/Pois/Air  #.......     75%         3    ###....
 Spider Form              Tmut/Pois      #.........   75%         3    ###....
 Ice Form                 Ice/Tmut       #.......     98%         4    #####..
 Petrify                  Tmut/Erth      #.......     98%         4    #####..
 Metabolic Englaciation   Hex/Ice        #.........   99%         5    ######.
 Yara's Violent Unravell  Hex/Tmut       #.........   99%         5    ######.
 Blade Hands              Tmut           #.........   100%        5    ######.


Dungeon Overview and Level Annotations

Branches:
Dungeon (13/15)            Temple (1/1) D:7            Lair (0/6) D:8
    Orc (0/2) D:9
 Vaults: D:13-14

Altars:
Ashenzari
Cheibriados
Dithmenos
Elyvilon
Fedhas
Gozag
Hepliaklqana
Kikubaaqudgha
Makhleb
Nemelex Xobeh
Okawaru
Qazlal
Ru
Sif Muna
Trog
Uskayaw
Vehumet
Wu Jian
Xom
Yredelemnul
Zin
The Shining One

Shops:
D:4 *   D:9 %

Annotations:
D:9 2 transporters, Maurice; Tommers's ghost, novice DsAK


Innate Abilities, Weirdness & Mutations

You are resistant to torment.
Your stone body is resilient. (AC +8)
You are immune to poison.
You resist negative energy. (rN+)
You are resistant to electric shocks. (rElec)
You can survive without breathing.
You are immune to petrification.
You are immune to rotting.


Message History

You hit the acid dragon but do no damage.
The acid dragon is almost dead.
A wraith comes into view.
You hit the acid dragon but do no damage.
The acid dragon is almost dead.
The acid dragon spits acid at you. The splash of acid hits you!
* * * LOW HITPOINT WARNING * * *
The acid corrodes you!
You are splashed with acid!
* * * LOW HITPOINT WARNING * * *
You hear a bellow! x2
You hit the acid dragon but do no damage.
The acid dragon is almost dead.
You hit the acid dragon but do no damage.
The acid dragon is almost dead.
The acid dragon spits acid at you. The splash of acid hits you.
* * * LOW HITPOINT WARNING * * *
You are splashed with acid!
You die...

### # #.# .# #.#
###.# #.###...##
#.##@<...#.# ###
###..D.....W...
#..##.#.##.......#.
...#$#.###....#.#
#.#)#(# ###.## ..
#.).((# .# #
#.()### .# #.### '#
#.


You could see a wraith and an acid dragon.

Vanquished Creatures
  A hydra (D:8)
  3 two-headed ogres
  Erica (D:8)
  Pikel (D:5)
  A cyclops (D:13)
  3 ugly things
  A manticore (D:11)
  Psyche (D:8)
  A gargoyle (D:11)
  A kobold demonologist (D:9)
  3 trolls
  Grinder (D:3)
  2 dream sheep (D:8)
  A hornet (D:11)
  A meliai zombie (D:12)
  4 hippogriffs
  Sigmund (D:5)
  A shadow (D:8)
  2 wyverns
  2 wraiths (D:10)
  14 yaks
  A hungry ghost (D:7)
  Menkaure (D:6)
  Duvessa (D:5)
  A water moccasin (D:11)
  6 orc warriors
  2 ice beasts
  A sky beast (D:6)
  A black bear (D:9)
  2 phantoms
  2 eyes of draining
  3 ogres
  7 centaurs
  Blork the orc (D:5)
  19 big kobolds
  Dowan (D:5)
  4 bullfrogs
  A gnoll sergeant (D:11)
  2 water moccasin skeletons
  A wyvern skeleton (D:6)
  3 scorpions
  11 wights
  4 howler monkeys
  2 crimson imps
  2 centaur zombies (D:8)
  2 hounds
  3 jellies
  A gnoll shaman (D:4)
  6 orc priests
  4 bullfrog skeletons
  23 orc wizards
  A centaur skeleton (D:4)
  8 iguanas
  Jessica (D:2)
  11 worker ants
  Ijyb (D:3)
  Terence (D:2)
  A hound zombie (D:7)
  Robin (D:3)
  A howler monkey skeleton (D:11)
  9 gnolls
  14 adders
  6 shadow imps
  An ooze (Sewer)
  2 adder zombies (D:7)
  2 worms
  4 dart slugs
  7 leopard geckos
  38 orcs
  4 ball pythons
  11 giant cockroaches
  14 goblins
  7 hobgoblins
  9 jackals
  29 kobolds
  2 quokkas
  11 bats
  3 frilled lizards
  A jackal skeleton (D:8)
  A quokka skeleton (D:5)
  13 rats
378 creatures vanquished.

Notes
Turn   | Place    | Note
-------+----------+-------------------------------------------
     0 | D:1      | Borgoz the Gargoyle Gladiator began the quest for the Orb.
     0 | D:1      | Reached XP level 1. HP: 12/12 MP: 1/1
   139 | D:1      | Reached XP level 2. HP: 18/18 MP: 2/2
   480 | D:1      | Reached skill level 1 in Armour
   545 | D:1      | Reached XP level 3. HP: 22/22 MP: 3/3
  1158 | D:2      | Noticed Jessica
  1175 | D:2      | Killed Jessica
  1175 | D:2      | Reached XP level 4. HP: 20/27 MP: 4/4
  1190 | D:2      | Noticed Terence
  1205 | D:2      | Killed Terence
  1205 | D:2      | Reached skill level 4 in Maces & Flails
  1465 | D:2      | Reached XP level 5. HP: 26/32 MP: 5/5
  1790 | D:3      | Found a glowing drain.
  1924 | D:3      | Noticed Ijyb
  1942 | D:3      | Killed Ijyb
  2040 | Sewer    | Entered a sewer
  2127 | Sewer    | Noticed a big kobold
  2127 | Sewer    | Noticed a big kobold
  2142 | Sewer    | Killed a big kobold
  2142 | Sewer    | Reached XP level 6. HP: 35/37 MP: 6/6
  2154 | Sewer    | Reached skill level 5 in Maces & Flails
  2316 | Sewer    | Reached XP level 7. HP: 39/43 MP: 7/7
  2492 | D:3      | Noticed Grinder
  2496 | D:3      | Noticed Robin
  2500 | D:3      | Killed Grinder
  2500 | D:3      | Reached skill level 6 in Maces & Flails
  2525 | D:3      | Killed Robin
  2918 | D:3      | Found an ornate altar of the Wu Jian Council.
  3106 | D:4      | Reached XP level 8. HP: 47/48 MP: 8/8
  3507 | D:4      | Found Ogeut's General Store.
  3721 | D:5      | Entered Level 5 of the Dungeon
  3777 | D:5      | Noticed Blork the orc
  3786 | D:5      | Killed Blork the orc
  3786 | D:5      | Reached skill level 5 in Fighting
  3795 | D:5      | Noticed Sigmund
  3807 | D:5      | Killed Sigmund
  3807 | D:5      | Reached skill level 7 in Maces & Flails
  4051 | D:5      | Noticed Duvessa
  4051 | D:5      | Noticed Dowan
  4066 | D:5      | Killed Duvessa
  4066 | D:5      | Reached skill level 5 in Armour
  4086 | D:5      | Killed Dowan
  4105 | D:5      | Reached XP level 9. HP: 19/55 MP: 9/9
  4401 | D:5      | Found a shadowy altar of Dithmenos.
  4401 | D:5      | Noticed Pikel
  4425 | D:5      | Killed Pikel
  4425 | D:5      | Reached skill level 8 in Maces & Flails
  4425 | D:5      | Reached skill level 5 in Dodging
  5153 | D:6      | Reached skill level 9 in Maces & Flails
  5166 | D:6      | Noticed Menkaure
  5177 | D:6      | Killed Menkaure
  5387 | D:6      | Found a shadowy altar of Dithmenos.
  5504 | D:7      | Reached XP level 10. HP: 63/63 MP: 10/10
  5735 | D:7      | Found a staircase to the Ecumenical Temple.
  5770 | Temple   | Entered the Ecumenical Temple
  5965 | Temple   | Became a worshipper of Ashenzari the Shackled
  6300 | D:8      | Noticed a red ugly thing
  6316 | D:8      | Found a white marble altar of Elyvilon.
  6404 | D:8      | Reached skill level 10 in Maces & Flails
  6524 | D:8      | Noticed a two-headed hydra
  6544 | D:8      | Killed a two-headed hydra
  6586 | D:8      | Found a staircase to the Lair.
  6618 | D:8      | Noticed Psyche
  6639 | D:8      | Killed Psyche
  6648 | D:8      | Noticed Erica
  6668 | D:8      | Killed Erica
  6668 | D:8      | Reached XP level 11. HP: 31/68 MP: 11/11
  6873 | D:8      | Learned a level 1 spell: Confusing Touch
  6876 | D:8      | Learned a level 2 spell: Blink
  6880 | D:8      | Learned a level 3 spell: Confuse
  7330 | D:9      | Noticed a two-headed ogre
  7330 | D:9      | Noticed a cyclops
  7330 | D:9      | Noticed a moth of wrath
  7331 | D:9      | Noticed Tommers's ghost (novice DsAK)
  7332 | D:9      | Noticed a deep troll
  7336 | D:9      | Found a transporter.
  7338 | D:9      | Found a transporter.
  7339 | D:9      | Found a bloodstained altar of Trog.
  7362 | D:9      | Reached skill level 11 in Maces & Flails
  7370 | D:9      | Identified the cursed +1 trident "Aseothruur" {venom,
                  | +Blink rPois rC+}
  7481 | D:9      | Found a radiant altar of Vehumet.
  7685 | D:9      | Noticed Maurice
  7710 | D:9      | Reached skill level 1 in Hexes
  7935 | D:9      | Reached skill level 1 in Translocations
  7976 | D:9      | Reached skill level 1 in Spellcasting
  8304 | D:9      | Found Yceg's Food Boutique.
  8401 | D:9      | Found a staircase to the Orcish Mines.
  8432 | D:8      | Killed a red ugly thing
  8660 | D:10     | Entered Level 10 of the Dungeon
  8771 | D:10     | Reached * piety under Ashenzari
  9332 | D:10     | Noticed a two-headed ogre
  9343 | D:10     | Killed a two-headed ogre
 10033 | D:11     | Reached XP level 12. HP: 76/76 MP: 15/15
 10182 | D:11     | Noticed a two-headed ogre
 10200 | D:11     | Killed a two-headed ogre
 10548 | D:11     | Reached skill level 12 in Maces & Flails
 11091 | D:12     | Noticed a two-headed ogre
 11102 | D:12     | Killed a two-headed ogre
 11347 | D:12     | Found a blossoming altar of Fedhas.
 11845 | D:13     | Splashed by an acid dragon's acid

Levels and vault maps discovered:
D:1:      erik_arrival_triangle_large, layout_loops_corners, minmay_pentomino_q2
D:2:      layout_rooms, first_ration, serial_rivers,
          chequers_serial_rivers_micro_a, chequers_serial_rivers_micro_d,
          chequers_serial_rivers_room_a, chequers_serial_rivers_micro_d,
          uniq_terence, uniq_jessica
D:3:      layout_basic, marbit_many_paths, portal_sewer_entry_a, uniq_ijyb,
          uniq_robin, uniq_grinder
D:4:      layout_basic, serial_shops, shop_fountains
D:5:      layout_basic, basic_altar, uniq_pikel, uniq_blork_the_orc,
          uniq_duvessa, uniq_sigmund
D:6:      minmay_flawed_box, layout_loops_cross, kennysheep_mini_moat,
          uniq_menkaure
D:7:      layout_rooms, minmay_temple_entry_purple_smoke
D:8:      minmay_diamond_stairs, layout_cave_pools, lemuel_crystal_altar,
          dpeg_oklobed_lair, hangedman_ranch [blue_anna_fruit_fields],
          kennysheep_dice, uniq_erica, uniq_psyche
D:9:      layout_basic, nicolae_overflow_crystal_walls, orc_0_dummy,
          gammafunk_ghost_wrathful_warriors, special_room [special_room_kobold],
          serial_shops, shop, uniq_maurice
D:10:     layout_basic
D:11:     layout_basic
D:12:     layout_basic, fedhas_altar_fruit_tree
D:13:     minmay_tri_box, layout_loops_corners, grunt_vaults_entry_tiered,
          grunt_qazlal_sundering
Temple:   eino_narrow_crystal_temple
Sewer:    kennysheep_pipe_town

Skill      XL: |  1  2  3  4  5  6  7  8  9 10 11 12 |
---------------+-------------------------------------+-----
Armour         | 1 2 3 4 5 6 7 8 9 |  9.3
Fighting       | 3 4 5 7 8 9 |  9.6
Maces & Flails | 4 5 6 7 9 10 11 12 | 12.3
Dodging        | 3 4 5 6 7 |  7.6
Hexes          | 2 3 |  3.7
Translocations | 2 3 |  3.7
Spellcasting   | 2 3 |  3.6
Throwing       | |  1.7

Action                   |  1- 3 |  4- 6 |  7- 9 | 10-12 || total
-------------------------+-------+-------+-------+-------++-------
Melee: Flail             |   115 |   260 |   267 |       ||   642
       Whip              |       |       |   232 |  1629 ||  1861
Invok: Curse Item        |       |       |       |     2 ||     2
Evoke: Wand              |       |       |       |     2 ||     2
  Use: Scroll            |       |     9 |     1 |     7 ||    17
       Potion            |       |     1 |       |     5 ||     6
 Stab: Paralysed         |       |       |       |     7 ||     7
  Eat: Chunk             |     1 |     4 |    11 |    24 ||    40
       Ration            |       |       |       |     1 ||     1
Armor: Leather armour    |    81 |   101 |       |       ||   182
       Ring mail         |       |    86 |   251 |   477 ||   814
       Skin              |       |    11 |       |       ||    11
Dodge: Dodged            |   141 |   286 |   308 |   774 ||  1509

Table legend:
 A = Non-vault XP
 B = Vault XP
 C = Vault XP percentage of total XP
 D = Non-vault monster count
 E = Vault monster count
 F = Vault count percentage of total count
                 A         B        C        D         E       F
            +---------+---------+-------+---------+---------+-------
      Total |   18520 |    8587 |  31.7 |     278 |     100 |  26.5
            +---------+---------+-------+---------+---------+-------
        D:1 |      44 |       2 |   4.3 |      20 |       2 |   9.1
        D:2 |      71 |      69 |  49.3 |      32 |       2 |   5.9
        D:3 |     156 |     359 |  69.7 |      23 |      18 |  43.9
        D:4 |     278 |       0 |   0.0 |      12 |       0 |   0.0
        D:5 |     437 |    1202 |  73.3 |      10 |       5 |  33.3
        D:6 |     957 |     483 |  33.5 |      18 |       9 |  33.3
        D:7 |    1178 |       0 |   0.0 |      28 |       0 |   0.0
        D:8 |     640 |    4487 |  87.5 |      20 |      17 |  45.9
        D:9 |     758 |    1532 |  66.9 |      15 |      24 |  61.5
       D:10 |    4694 |       0 |   0.0 |      33 |       0 |   0.0
       D:11 |    5108 |       0 |   0.0 |      40 |       0 |   0.0
       D:12 |    2681 |       0 |   0.0 |      21 |       0 |   0.0
       D:13 |    1518 |       0 |   0.0 |       6 |       0 |   0.0
      Sewer |       0 |     453 | 100.0 |       0 |      23 | 100.0
            +---------+---------+-------+---------+---------+-------
